AoeStats
← Kalibra

Hideout

507552393Analyzed
1v1 RM · 13d ago on Sep 18, 2026· 41m 17s· 2 players
Game mode
Random Map
Map size
Tiny (2 player)
Population
200
Speed
Normal
Resources
Standard
Victory
Conquest
Starting age
Dark Age
Ending age
Imperial Age
RankedLock teamsTeams togetherTeam positionsShared explorationLock speedFull tech treeHidden civsTurbo modeCheats
Victory
Defeat
🇺🇸 Goths · United States
556
+18
🇹🇷 Khmer · Türkiye
602
-18
P. Nussweiner
0:33 Loom
12:22 Feudal Age
13:06 Double-Bit Axe
13:37 Horse Collar
13:41 Man-at-Arms
16:07 Wheelbarrow
18:13 Scale Mail Armor
18:24 Forging
27:08 Castle Age
28:05 Bow Saw
27:57 Heavy Plow
27:50 Stone Mining
27:54 Gold Mining
28:23 Pikeman
29:08 Squires
29:43 Fletching
31:10 Stone Shaft Mining
32:40 Chain Mail Armor
33:01 Iron Casting
37:46 Anarchy
38:32 Hand Cart
Kalibra
7:54 Loom
9:59 Feudal Age
17:44 Castle Age
15:36 Horse Collar
28:41 Double-Bit Axe
30:01 Bow Saw
30:20 Bloodlines
32:59 Forging
32:55 Scale Barding Armor
33:20 Fletching
33:31 Padded Archer Armor
34:48 Wheelbarrow
34:24 Stone Mining
34:25 Gold Mining
35:07 Husbandry
35:46 Iron Casting
35:32 Chain Barding Armor
38:37 Hand Cart
40:12 Bodkin Arrow
40:32 Leather Archer Armor
Connection lost

Rejoining the realm…

Still unreachable

The connection could not be restored.

Session expired

The server has moved on; the page needs a fresh start.